 Dungeon Sprint DCSS version 0.28-a0-381-g937acc2988 (webtiles) character file.

Game seed: 13372541586082028190

4440 Ankalagon the Warrior (level 10, -14/118 HPs)
             Began as a Naga Berserker on Sept 1, 2021.
             Was a High Priest of Trog.
             Shot with a bolt by a yaktaur captain (32 damage)
             ... in the Dungeon (Sprint II: "The Violet Keep of Menkaure").
             The game lasted 00:06:08 (1805 turns).

Ankalagon the Warrior (Naga Berserker)              Turns: 1805, Time: 00:06:08

Health: -14/118    AC: 20    Str: 19    XL:     10   Next: 37%
Magic:  10/10      EV: 10    Int:  9    God:    Trog [*****.]
Gold:   8          SH:  0    Dex: 13    Spells: 9/9 levels left

rFire   + . .      SeeInvis +   a - +0 spear
rCold   + . .      Faith    .   (no shield)
rNeg    . . .      Spirit   .   d - +4 scale mail {rPois}
rPois   +          Reflect  .   i - +0 helmet {SInv}
rElec   .          Harm     .   j - scarf {rC+ rF+}
rCorr   .          Rampage  .   p - +0 pair of gloves
Will    +....      Rnd*Rage +   (no barding) Stlth ..........NoTele +
                                (no amulet)
HPRegen 0.29/turn               t - +4 ring of protection
MPRegen 0.12/turn               r - +4 ring of protection

@: on berserk cooldown, slowed, very slow
A: AC +3, large, see invisible, deformed body, poison resistance, slowness 2,
spit poison 1, naga tail 1, berserk 1
a: Spit Poison, Renounce Religion, Berserk, Trog's Hand, Brothers in Arms


You were in the Dungeon.
You worshipped Trog.
Trog was extremely pleased with you.
You visited 1 branch You collected 1220 gold pieces.
You spent 1212 gold pieces at shops.

Inventory:

Hand Weapons
 a - a +0 spear (weapon)
Armour
 b - a +0 animal skin
 d - a +4 scale mail of poison resistance (worn)
 i - a +0 helmet of see invisible (worn)
 j - a scarf of resistance (worn)
 p - a +0 pair of gloves (worn)
Jewellery
 r - a +4 ring of protection (right hand)
 t - a +4 ring of protection (left hand)
Scrolls
 h - a scroll of blinking
 k - a scroll of immolation {unknown}
 m - a scroll of acquirement {unknown}
 n - a scroll of magic mapping {unknown}
 o - a scroll of amnesia {unknown}
 v - a scroll of brand weapon {unknown}
 w - a scroll of enchant armour {unknown}
Potions
 c - 3 potions of curing
 e - a potion of haste
 f - 5 potions of magic
 g - a potion of berserk rage
 l - a potion of attraction
 q - a potion of might
 s - 5 potions of heal wounds
 u - 3 potions of resistance
 x - 3 potions of flight


   Skills:
 + Level 16.3 Fighting
 - Level 14.1 Polearms
 - Level 1.5 Armour
 + Level 8.1 Dodging


You had 9 spell levels left.
You didn't know any spells.
Your spell library was empty.

Dungeon Overview and Level Annotations

Branches:
Dungeon (1/1)

Altars:
Cheibriados
Dithmenos
Elyvilon
Fedhas
Gozag
Hepliaklqana
Kikubaaqudgha
Makhleb
Nemelex Xobeh
Okawaru
Qazlal
Ru
Sif Muna
Trog
Uskayaw
Vehumet
Wu Jian
Xom
Yredelemnul
Zin
The Shining One
Beogh
Jiyva
Lugonu

Shops:
D :(=:!?[(!=*=[!*

Annotations:
D exclusions: obsidian statue and oklob plant


Innate Abilities, Weirdness & Mutations

Your serpentine skin is tough. (AC +3)
You have supernaturally acute eyesight. (SInv)
Armour fits poorly on your strangely shaped body.
Your system is resistant to poisons. (rPois)
You cover ground very slowly.
You can spit poison.
You have a snake-like lower body.
You tend to lose your temper in combat.


Message History

The elephant trunk-slaps you but does no damage.
You puncture the elephant!
The elephant is almost dead.
You puncture the elephant!
The elephant is almost dead.
The elephant tramples you!
You hold your ground!
The elephant trunk-slaps you but does no damage.
You hit the elephant.
You kill the elephant!
Trog accepts your kill.
Your Dodging skill increases to level 8!
No reachable target in view!
No reachable target in view!
The yaktaur captain shouts!
The yaktaur captain wields a +0 arbalest.
The yaktaur captain shoots a bolt.
The bolt hits you!
There is an open door, spattered with blood here.
Things that are here:
a +0 dire flail; an elephant corpse; the human corpse of Kirke You feel a strong urge to attack something.
You are no longer berserk.
You are exhausted.
You feel yourself slow down.
Which direction?
You close the gate.
The yaktaur captain shoots a bolt.
The bolt hits you!
The yaktaur captain shoots a bolt.
The bolt hits you!!!
The yaktaur captain shoots a bolt.
The bolt hits you!!
* * * LOW HITPOINT WARNING * * *
There is an open door, spattered with blood here.
Things that are here:
a +0 dire flail; an elephant corpse; the human corpse of Kirke Something unseen opens the gate.
You close the door, pushing everything out of the way.
Things that are here:
a +0 dire flail; the human corpse of Kirke; an elephant corpse A yaktaur captain opens the door.
You close the door.
A yaktaur captain opens the door.
You close the door.
A yaktaur captain opens the door.
The yaktaur captain shoots a bolt.
The bolt hits you!!
You die...

##°≈≈§≈°§## ###°○○°°○○≈°## ▓▓
K°☼○○°8°°°°°# +○ . #§≈☼○○○°°°# #.
c@.≈##○≈≈○○°≈# #.
##########≈≈#+''#+++## #
#########≈≈≈...c.....# #
....∩.∩.#≈≈≈≈.##'##..# #
...∩.∩..#≈≈≈≈###@.##.#### +.##.#
..∩.∩...#≈≈≈≈#.##..# ...# ...##
.⌠.∩....#≈≈####.#.####..## #..##
..∩.∩...#≈##.###'###.##..# +..#.
...∩.∩..#≈#..###.##..##..# #..#.
....∩.∩.'≈'.##'.<.'##.'..####..##
.......∩#≈#.#.##.##..##....###...
▓▓▓▓▓▓###≈##.###'###.##.....§≈)≈(
/xx######≈≈####.#.####≈≈.....§#'#


You could see a yaktaur captain (very poisoned) and an obsidian statue.

Vanquished Creatures
  A skeletal warrior (D)
  An elephant (D)
  A hornet (D)
  3 polar bears (D)
  2 wyverns (D)
  4 neqoxecs (D)
  Menkaure (D)
  3 water moccasins (D)
  4 scorpions (D)
  A hell rat (D)
  2 worms (D)
23 creatures vanquished.

Vanquished Creatures (collateral kills)
  Kirke (D)
  A yaktaur (D)
2 creatures vanquished.

Vanquished Creatures (others)
  A water moccasin (D)
  A worm (D)
  8 tentacles (D)
10 creatures vanquished.

Grand Total: 35 creatures vanquished

Notes
Turn   | Place    | Note
-------+----------+-------------------------------------------
     0 | D        | Ankalagon the Naga Berserker began the quest for the Orb.
     0 | D        | Reached XP level 1. HP: 21/21 MP: 1/1
     1 | D        | Noticed a scorpion
     1 | D        | Noticed a scorpion
     1 | D        | Noticed a scorpion
     1 | D        | Noticed a scorpion
     9 | D        | Killed a scorpion
    10 | D        | Reached skill level 6 in Fighting
    10 | D        | Reached XP level 2. HP: 23/33 MP: 2/2
    10 | D        | Reached XP level 3. HP: 28/40 MP: 3/3
    10 | D        | Reached XP level 4. HP: 34/48 MP: 4/4
    13 | D        | Killed a scorpion
    14 | D        | Reached skill level 7 in Fighting
    14 | D        | Reached XP level 5. HP: 32/57 MP: 5/5
    17 | D        | Reached ** piety under Trog
    18 | D        | Reached skill level 8 in Fighting
    20 | D        | Reached skill level 9 in Fighting
    20 | D        | Reached XP level 6. HP: 22/69 MP: 6/6
    38 | D        | Killed a water moccasin
   287 | D        | Noticed a wyvern
   287 | D        | Noticed a wyvern
   290 | D        | Noticed a neqoxec
   294 | D        | Gained mutation: You tend to lose your temper in combat. [a
                  | neqoxec]
   295 | D        | Killed a neqoxec
   296 | D        | Reached skill level 10 in Fighting
   296 | D        | Reached skill level 10 in Polearms
   296 | D        | Noticed a neqoxec
   301 | D        | Killed a neqoxec
   302 | D        | Reached XP level 7. HP: 80/80 MP: 7/7
   407 | D        | Found Ritweph's Assorted Antiques.
   407 | D        | Noticed a neqoxec
   408 | D        | Found Palet's Distillery.
   408 | D        | Found Aqipt's Jewellery Shop.
   408 | D        | Found Berisam's Jewellery Shop.
   408 | D        | Found Okhlogri's Distillery.
   408 | D        | Found Raxzey's Antique Weapon Shop.
   408 | D        | Found Faitadd's Antique Armour Shop.
   408 | D        | Found Waxkeitt's Antique Armour Boutique.
   411 | D        | Found Dotsij's Assorted Antiques.
   417 | D        | Killed a neqoxec
   417 | D        | Reached *** piety under Trog
   418 | D        | Reached skill level 11 in Fighting
   418 | D        | Found Igagg's Magic Scroll Boutique.
   418 | D        | Found Yssium's Distillery.
   418 | D        | Found Wilon's Book Boutique.
   448 | D        | Found Dyxuytra's Jewellery Shop.
   448 | D        | Found Ilurphat's Weapon Boutique.
   448 | D        | Noticed an iron elemental
   449 | D        | Noticed Menkaure
   449 | D        | Noticed an oklob plant
   450 | D        | Found Puimoke's Book Shoppe.
   463 | D        | Killed Menkaure
   508 | D        | Noticed a neqoxec
   528 | D        | Killed a neqoxec
   529 | D        | Reached skill level 12 in Fighting
   529 | D        | Reached XP level 8. HP: 50/91 MP: 8/8
   753 | D        | Reached **** piety under Trog
   754 | D        | Noticed an unseen horror
   755 | D        | Noticed an unseen horror
   787 | D        | Killed a wyvern
   797 | D        | Killed a wyvern
   906 | D        | Noticed an obsidian statue
   950 | D        | Bought a glowing helmet for 135 gold pieces
   952 | D        | Bought an embroidered scarf for 208 gold pieces
   968 | D        | Noticed a redback
   996 | D        | Reached ***** piety under Trog
  1019 | D        | Found a stormy altar of Qazlal.
  1019 | D        | Found an ornate altar of the Wu Jian Council.
  1020 | D        | Found a hazy altar of Hepliaklqana.
  1020 | D        | Found a sacrificial altar of Ru.
  1020 | D        | Found a shimmering altar of Xom.
  1021 | D        | Found a viscous altar of Jiyva.
  1021 | D        | Found a shimmering blue altar of Sif Muna.
  1022 | D        | Found a snail-covered altar of Cheibriados.
  1022 | D        | Found an ancient bone altar of Kikubaaqudgha.
  1022 | D        | Found a bloodstained altar of Trog.
  1023 | D        | Found a shadowy altar of Dithmenos.
  1023 | D        | Found a corrupted altar of Lugonu.
  1024 | D        | Found a white marble altar of Elyvilon.
  1024 | D        | Found a burning altar of Makhleb.
  1025 | D        | Found a blossoming altar of Fedhas.
  1027 | D        | Found an opulent altar of Gozag.
  1027 | D        | Found a glowing golden altar of the Shining One.
  1027 | D        | Found a basalt altar of Yredelemnul.
  1027 | D        | Found a hide-covered altar of Uskayaw.
  1027 | D        | Found a sparkling altar of Nemelex Xobeh.
  1027 | D        | Noticed a hornet
  1027 | D        | Noticed a polar bear
  1027 | D        | Noticed a polar bear
  1027 | D        | Noticed a yaktaur
  1027 | D        | Noticed a polar bear
  1028 | D        | Found a glowing silver altar of Zin.
  1028 | D        | Found a radiant altar of Vehumet.
  1028 | D        | Found an iron altar of Okawaru.
  1044 | D        | Killed a polar bear
  1045 | D        | Reached skill level 13 in Fighting
  1050 | D        | Killed a polar bear
  1056 | D        | Killed a hornet
  1061 | D        | Killed a polar bear
  1062 | D        | Reached XP level 9. HP: 54/103 MP: 9/9
  1070 | D        | HP: 5/103 [yaktaur (13)]
  1072 | D        | Killed a yaktaur
  1073 | D        | Reached skill level 14 in Fighting
  1106 | D        | Bought a runed scale mail for 161 gold pieces
  1341 | D        | Noticed a kraken
  1717 | D        | Bought a +4 ring of protection for 468 gold pieces
  1721 | D        | Bought 2 potions of heal wounds for 120 gold pieces
  1721 | D        | Bought a potion of heal wounds for 60 gold pieces
  1721 | D        | Bought a potion of heal wounds for 60 gold pieces
  1743 | D        | Noticed Kirke
  1743 | D        | Noticed a kobold demonologist
  1743 | D        | Noticed a skeletal warrior
  1744 | D        | Noticed a yaktaur captain
  1762 | D        | Killed Kirke
  1763 | D        | Reached skill level 15 in Fighting
  1763 | D        | Reached XP level 10. HP: 104/117 MP: 10/10
  1766 | D        | Noticed an elephant
  1789 | D        | Killed a skeletal warrior
  1790 | D        | Reached skill level 16 in Fighting
  1797 | D        | Killed an elephant
  1805 | D        | Shot with a bolt by a yaktaur captain

Illustrated notes

Levels and vault maps discovered:
D:        the_violet_keep_of_menkaure [sprint2_stairs_cluster_1,
          sprint2_shoproom, sprint2_temple, sprint2_basic_supplies,
          sprint2_obstacle_1, sprint2_obstacle_5, sprint2_obstacle_3,
          sprint2_obstacle_6, sprint2_obstacle_4, sprint2_timed_cluster_1,
          sprint2_smallroom_cluster_1, sprint2_smallroom_final_cluster_1,
          sprint2_transparent_cluster_1, sprint2_second_timed_cluster_1,
          sprint2_sniper_area_1, sprint2_heavy_combat_area_1,
          sprint2_mutation_trap_area_1, sprint2_forest_area_1,
          sprint2_light_combat_area_1, sprint2_behind_water_1,
          sprint2_near_end_vault_1]

Skill      XL: |  1  2  3  4  5  6  7  8  9 10 |
---------------+-------------------------------+-----
Fighting       | 6 7 9 10 12 13 15 16 | 16.3
Polearms       | 6 7 9 10 12 13 14 | 14.1
Dodging        | 6 8 |  8.1
Armour         | |  1.5

Action                   |  1- 3 |  4- 6 |  7- 9 | 10-12 || total
-------------------------+-------+-------+-------+-------++-------
Melee: Spear             |     7 |    18 |   145 |    32 ||   202
Invok: Berserk           |     1 |     1 |     6 |     1 ||     9
       Trog's Hand       |       |       |     2 |       ||     2
       Brothers in Arms  |       |       |     2 |       ||     2
  Use: Scroll            |       |       |     4 |       ||     4
       Potion            |       |       |     1 |       ||     1
 Stab: Sleeping          |       |       |     1 |       ||     1
Armor: Animal skin       |       |       |    12 |       ||    12
       Scale mail        |       |       |    16 |     8 ||    24
Dodge: Dodged            |     1 |     1 |    38 |     1 ||    41

Table legend: (Time is in decaauts)
 A = Elapsed time spent in this place.
 B = Non-inter-level travel time spent in this place.
 C = Inter-level travel time spent in this place.
 D = Time resting spent in this place.
 E = Time spent auto-exploring this place.
 F = Levels seen in this place.
 G = Mean time per level.
                   A        B        C        D        E       F      G
               +--------+--------+--------+--------+--------+-----+--------+
         Total |   1981 |   1932 |     49 |   1169 |      0 |   1 | 1981.0 |
       Dungeon |   1981 |   1932 |     49 |   1169 |      0 |   1 | 1981.0 |
               +--------+--------+--------+--------+--------+-----+--------+

Top non-repeatable levels by time:
       D: 1981 daAuts
